 Dungeon Crawl Stone Soup version 0.32-a0-607-g64ea0e4219 (webtiles) character file.

Game seed: 3571998902976866413

12750 shadizar the Thaumaturge (level 12, -4/91 HPs)
             Began as a Djinni Earth Elementalist on Mar 3, 2024.
             Was a Priest of Makhleb.
             Slain by a skeletal warrior
             ... wielding a +0 long sword
              (20 damage)
             ... on level 11 of the Dungeon.
             The game lasted 00:24:10 (8750 turns).

shadizar the Thaumaturge (DjEE)                     Turns: 8750, Time: 00:24:11

Health: -4/91      AC:  8    Str: 13    XL:     12   Next: 24%
Gold:   718        EV: 17    Int: 22    God:    Makhleb [***...] SH:  0 Dex: 20

rFire   + + .        C - staff of conjuration
rCold   x . .        (no shield)
rNeg    . . .        t - +0 acid dragon scales
rPois   ∞            (no helmet)
rElec   .            u - +0 cloak
rCorr   +            (no gloves)
SInv    .            (boots unavailable)
Will    +....        s - amulet of regeneration
Stlth   ++           j - +6 ring of dexterity
HPRegen 1.15/turn    l - +6 ring of strength
MPRegen 0.00/turn

%: infuse magic (-5 HP)
@: flying
A: sickness immunity, fire resistance 2, cold vulnerability 1, float, innate
caster, HP casting, extra vitality 1
a: Renounce Religion, Minor Destruction, Lesser Servant of Makhleb


You were on level 11 of the Dungeon.
You worshipped Makhleb.
Makhleb was most pleased with you.
You visited 2 branches of the dungeon, and saw 12 of its levels.
You also visited: Sewer.

You collected 718 gold pieces.

Inventory:

Armour
 d - a +0 troll leather armour
 t - +0 acid dragon scales (worn)
 u - a +0 cloak (worn)
 E - a +2 leather armour of cold resistance
 I - the +0 toga "Victory" {*Victory Clar}
   (You found it on level 11 of the Dungeon)

   *Victory:  When the wearer kills a threatening monster, it has a chance to
   gain +1 AC, +1 Slay, and +1 Int, capping at +7.
   When the wearer uses a scroll or a potion with a hostile monster in sight,
   its bonuses reset to +0.
   Unequipping it also resets its bonuses to +0.
   Clar:      It protects you from confusion, rage, mesmerisation and fear.
Magical Staves
 C - a staff of conjuration (weapon)
Jewellery
 i - a ring of protection from cold
 j - a +6 ring of dexterity (left hand)
 l - a +6 ring of strength (right hand)
 s - an amulet of regeneration (around neck)
 v - a ring of protection from fire
 z - a ring of see invisible
 J - an amulet of faith
Wands
 k - a wand of digging (11)
 r - a wand of flame (17)
 y - a wand of acid (8)
 B - a wand of roots (12)
 D - a wand of paralysis (3)
 H - a wand of polymorph (4)
Scrolls
 b - 4 scrolls of blinking
 c - a scroll of identify
 f - 5 scrolls of poison
 h - 2 scrolls of teleportation
 n - a scroll of fog
 p - 3 scrolls of fear
 F - 2 scrolls of revelation
 G - a scroll of butterflies
Potions
 a - a potion of mutation
 e - 2 potions of brilliance
 g - 9 potions of curing
 m - a potion of berserk rage
 o - a potion of might
 q - 2 potions of haste
 w - a potion of cancellation
 x - a potion of invisibility
 A - 3 potions of enlightenment


   Skills:
 + Level 9.7 Fighting
 + Level 5.3 Armour
 + Level 8.4 Dodging
 - Level 1.5 Stealth
 * Level 11.0 Spellcasting
 * Level 11.0 Conjurations
 * Level 11.0 Hexes
   Level 0.0 Charms
 * Level 11.0 Summonings
 * Level 11.0 Necromancy
 * Level 11.0 Translocations
   Level 0.0 Transmutations
 * Level 11.0 Fire Magic
 * Level 11.0 Ice Magic
 * Level 11.0 Air Magic
 * Level 11.0 Earth Magic
 * Level 11.0 Alchemy


You knew the following spells:

 Your Spells              Type           Power      Damage    Failure   Level
a - Sandblast             Erth           100%       2d20      1%          1
b - Passwall              Erth           57%        N/A       1%          3
c - Stone Arrow           Conj/Erth      100%       3d13      1%          3
d - Petrify               Alch/Erth      57%        N/A       1%          4
e - Brom's Barrelling Bo  Conj/Erth      74%        2d9       1%          4
f - Slow                  Hex            100%       N/A       1%          1
g - Ensorcelled Hibernat  Hex/Ice        100%       N/A       1%          2
h - Lesser Beckoning      Tloc           100%       N/A       1%          2
i - Tukima's Dance        Hex            57%        N/A       1%          3
j - Vhi's Electric Charg  Tloc/Air       100%       N/A       1%          4
Your spell library was empty.

Dungeon Overview and Level Annotations

Branches:
Dungeon (11/15)            Temple (1/1) D:4           Sewer (visited)
   Lair: D:8-11         Orc: D:9-12

Altars:
Ashenzari
Cheibriados
Dithmenos
Elyvilon
Fedhas
Gozag
Hepliaklqana
Makhleb
Nemelex Xobeh
Okawaru
Qazlal
Ru
Trog
Uskayaw
Wu Jian
Xom
Yredelemnul
Zin
The Shining One

Shops:
D:3 ?   D:4 *   D:5 (   D:10 *


Innate Abilities, Weirdness & Mutations

You are immune to sickness and miasma.
You are immune to poison.
Your flesh is very heat resistant. (rF++)
You are vulnerable to cold. (rC-)
You float through the air rather than walking.
You learn spells naturally, not from books.
Your magical power is your life essence.
You have superior vitality. (+4 MHP)


Message History

Aiming: Stone Arrow (safe; 1% risk of failure)
Press: ? - help, Shift-Dir - straight line, f/p - skeletal warrior
Aim: a skeletal warrior, wielding a +0 long sword (heavily damaged, 78% to hit)
You feel a surge of power!
The stone arrow misses the skeletal warrior.
You hear a shout!
The skeletal warrior hits you with a +0 long sword!
You hear a shout!
Casting: Stone Arrow (safe; 1% risk of failure)
Confirm with . or Enter, or press ? or * to list all spells.
Aiming: Stone Arrow (safe; 1% risk of failure)
Press: ? - help, Shift-Dir - straight line, f/p - skeletal warrior
Aim: a skeletal warrior, wielding a +0 long sword (heavily damaged, 78% to hit)
You feel a surge of power!
The stone arrow misses the skeletal warrior.
The stone arrow hits the orc!
You kill the orc!
Makhleb accepts your kill.
You feel better.
The skeletal warrior hits you with a +0 long sword!!
Casting: Stone Arrow (safe; 1% risk of failure)
Confirm with . or Enter, or press ? or * to list all spells.
Aiming: Stone Arrow (safe; 1% risk of failure)
Press: ? - help, Shift-Dir - straight line, f/p - skeletal warrior
Aim: a skeletal warrior, wielding a +0 long sword (heavily damaged, 78% to hit)
You feel a surge of power!
The stone arrow hits the skeletal warrior!!
The skeletal warrior is almost destroyed.
The skeletal warrior hits you with a +0 long sword!
* * * LOW HITPOINT WARNING * * *
Casting: Stone Arrow (safe; 1% risk of failure)
Confirm with . or Enter, or press ? or * to list all spells.
Aiming: Stone Arrow (safe; 1% risk of failure)
Press: ? - help, Shift-Dir - straight line, f/p - skeletal warrior
Aim: a skeletal warrior, wielding a +0 long sword (almost destroyed, 78% to hit)
You feel a surge of power!
The stone arrow misses the skeletal warrior.
* * * LOW HITPOINT WARNING * * *
The skeletal warrior hits you with a +0 long sword!!
You die...

..................†...#..#.#
######.#.###.#..†.#...#..c.# #
#.#.# #..........#.##.. #
###.#.#####.#......# ##.## #
####........##.#..#...# #.# .#
............##....##..####.###.#
####........##.#.............#.#
##......####.#......####.....##
#.......###.$z@)..).####.......
###.......'.#)#######..††††...$..
^##.......### #.#####......
..........# #.# +......
.#...####.# #.# #...... .(...# .#
#.# #....#. ##...# .# ### .....#.
##...# ##...# .....# #..[#


You could see a skeletal warrior.

Vanquished Creatures
  A two-headed ogre (D:10)
  A boulder beetle (D:11)
  Urug (D:10)
  Sonja (D:10)
  A skeletal warrior (D:11)
  An ugly thing (D:11)
  A manticore (D:6)
  A cyclops (D:11)
  A gargoyle (D:10)
  2 trolls
  A hornet (D:11)
  Sigmund (D:6)
  A vampire (D:11)
  A shadow (D:11)
  12 yaks
  A water elemental (D:11)
  3 wraiths
  3 wyverns (D:11)
  A basilisk (D:10)
  Grum (D:8)
  An acid dragon (D:8)
  3 water moccasins
  Duvessa (D:4)
  3 orc warriors
  3 sky beasts
  2 black bears
  An ice beast (D:7)
  2 wolves
  2 ogres
  3 centaurs
  2 phantoms
  4 kobold brigands
  3 bullfrogs
  3 scorpions
  Dowan (D:4)
  3 killer bees (D:11)
  4 howler monkeys
  An electric eel (D:11)
  A bombardier beetle (D:6)
  5 hounds
  2 gnoll boudas (D:8)
  7 orc priests
  2 sleepcaps
  Natasha (D:4)
  3 iguanas
  10 orc wizards
  20 adders
  13 gnolls
  A river rat (Sewer)
  4 dart slugs
  A ribbon worm (Sewer)
  33 orcs
  8 ball pythons
  11 endoplasms
  8 giant cockroaches
  8 goblins
  7 hobgoblins
  2 jackals (D:4)
  14 kobolds
  2 quokkas
  7 bats
  2 frilled lizards
  12 rats
262 creatures vanquished.

Notes
Turn   | Place    | Note
-------+----------+-------------------------------------------
     0 | D:1      | shadizar the Djinni Earth Elementalist began the quest for
                  | the Orb.
     0 | D:1      | shadizar set off with the following spells memorised:
                  | Sandblast, Passwall, Stone Arrow, Petrify, Brom's
                  | Barrelling Boulder.
     0 | D:1      | Reached XP level 1. HP: 15/15 MP: 0/0
    41 | D:1      | Reached XP level 2. HP: 11/21 MP: 0/0
   291 | D:1      | Reached XP level 3. HP: 23/25 MP: 0/0
   291 | D:1      | Learned a level 1 spell: Slow
   562 | D:1      | Found a faded altar of an unknown god.
   929 | D:2      | Reached XP level 4. HP: 30/31 MP: 0/0
  1441 | D:3      | Found a glowing drain.
  1491 | Sewer    | Entered a sewer
  1578 | Sewer    | Noticed a kobold brigand
  1586 | Sewer    | Killed a kobold brigand
  1587 | Sewer    | Reached skill level 5 in Spellcasting
  1587 | Sewer    | Reached skill level 5 in Conjurations
  1587 | Sewer    | Reached skill level 5 in Hexes
  1587 | Sewer    | Reached skill level 5 in Summonings
  1587 | Sewer    | Reached skill level 5 in Necromancy
  1587 | Sewer    | Reached skill level 5 in Translocations
  1587 | Sewer    | Reached skill level 5 in Fire Magic
  1587 | Sewer    | Reached skill level 5 in Ice Magic
  1587 | Sewer    | Reached skill level 5 in Air Magic
  1587 | Sewer    | Reached skill level 5 in Earth Magic
  1587 | Sewer    | Reached skill level 5 in Alchemy
  1587 | Sewer    | Reached XP level 5. HP: 28/35 MP: 0/0
  1587 | Sewer    | Learned a level 2 spell: Ensorcelled Hibernation
  1667 | Sewer    | Noticed a kobold brigand
  1674 | Sewer    | Killed a kobold brigand
  1675 | Sewer    | Reached XP level 6. HP: 37/40 MP: 0/0
  2110 | Sewer    | Reached XP level 7. HP: 33/45 MP: 0/0
  2110 | Sewer    | Learned a level 2 spell: Lesser Beckoning
  2652 | D:3      | Found The Oracle's Delphic Readings.
  3250 | D:4      | Found Tehitov's General Store.
  3316 | D:4      | Noticed Dowan
  3320 | D:4      | Noticed Duvessa
  3324 | D:4      | Killed Dowan
  3325 | D:4      | Reached XP level 8. HP: 44/50 MP: 0/0
  3331 | D:4      | Killed Duvessa
  3371 | D:4      | Identified the +0 pair of boots of Cloud Cover {rPois
                  | Str+3}
  3594 | D:4      | Found a staircase to the Ecumenical Temple.
  3603 | Temple   | Entered the Ecumenical Temple
  3626 | Temple   | Became a worshipper of Makhleb the Destroyer
  3910 | D:4      | Noticed Natasha
  3916 | D:4      | Killed Natasha
  4011 | D:5      | Entered Level 5 of the Dungeon
  4048 | D:5      | Found a shimmering altar of Xom.
  4200 | D:5      | Found a sparkling altar of Nemelex Xobeh.
  4347 | D:5      | Found Tizot's Weapon Shoppe.
  4358 | D:5      | Reached XP level 9. HP: 55/55 MP: 0/0
  4358 | D:5      | Learned a level 3 spell: Tukima's Dance
  4489 | D:5      | Found a glowing golden altar of the Shining One.
  4699 | D:6      | Reached skill level 1 in Fighting
  4820 | D:6      | Reached * piety under Makhleb
  5148 | D:6      | Reached skill level 5 in Dodging
  5439 | D:6      | Noticed Sigmund
  5447 | D:6      | Killed Sigmund
  5458 | D:6      | Found an iron altar of Okawaru.
  5491 | D:6      | Noticed a manticore
  5514 | D:6      | Killed a manticore
  5515 | D:6      | Reached XP level 10. HP: 72/72 MP: 0/0
  5848 | D:7      | Found a stormy altar of Qazlal.
  6553 | D:8      | Noticed Grum
  6683 | D:8      | Killed Grum
  6811 | D:8      | Reached ** piety under Makhleb
  7223 | D:9      | Reached skill level 1 in Armour
  7715 | D:10     | Entered Level 10 of the Dungeon
  7733 | D:10     | Noticed a two-headed ogre
  7738 | D:10     | Killed a two-headed ogre
  7739 | D:10     | Reached XP level 11. HP: 82/82 MP: 0/0
  7739 | D:10     | Learned a level 4 spell: Vhi's Electric Charge
  7772 | D:10     | Found Roggeuntusku's Assorted Antiques.
  7916 | D:10     | Noticed Urug
  7936 | D:10     | Killed Urug
  7937 | D:10     | Reached skill level 10 in Spellcasting
  7937 | D:10     | Reached skill level 10 in Conjurations
  7937 | D:10     | Reached skill level 10 in Hexes
  7937 | D:10     | Reached skill level 10 in Summonings
  7937 | D:10     | Reached skill level 10 in Necromancy
  7937 | D:10     | Reached skill level 10 in Translocations
  7937 | D:10     | Reached skill level 10 in Fire Magic
  7937 | D:10     | Reached skill level 10 in Ice Magic
  7937 | D:10     | Reached skill level 10 in Air Magic
  7937 | D:10     | Reached skill level 10 in Earth Magic
  7937 | D:10     | Reached skill level 10 in Alchemy
  8228 | D:10     | Noticed Sonja
  8235 | D:10     | Killed Sonja
  8335 | D:11     | Noticed a boulder beetle
  8363 | D:11     | Found the +0 toga "Victory" {*Victory Clar}
  8436 | D:11     | Killed a boulder beetle
  8591 | D:11     | Noticed a cyclops
  8595 | D:11     | Killed a cyclops
  8646 | D:11     | Reached *** piety under Makhleb
  8653 | D:11     | Noticed a red ugly thing
  8670 | D:11     | Killed a red ugly thing
  8678 | D:11     | Reached XP level 12. HP: 90/90 MP: 0/0
  8708 | D:11     | Reached skill level 5 in Armour
  8728 | D:11     | Noticed a skeletal warrior
  8736 | D:11     | Killed a skeletal warrior
  8744 | D:11     | Noticed a skeletal warrior
  8750 | D:11     | Slain by a skeletal warrior

Illustrated notes

Levels and vault maps discovered:
D:1:      dpeg_arrival_rooms_a, layout_rooms,
          hellmonk_ecumenical_altar_leap_of_faith, serial_bayou_crossing
D:2:      wander_river, layout_basic, serial_bayou, serial_bayou_pond_e,
          serial_bayou_lagoon_a, serial_bayou_pond_c, serial_bayou_pond_d
D:3:      minmay_door_path, layout_rooms, gup_sewer_entry_glass,
          nicolae_nh_oracle_at_delphi
D:4:      layout_basic, minmay_temple_entry_poolview, serial_shops,
          nicolae_diamond_shop, uniq_duvessa, uniq_natasha
D:5:      layout_basic, tso_metal_star, mainiacjoe_overflow_swirl, serial_shops,
          shop_fountains
D:6:      layout_loops_corners, mainiacjoe_overflow_alcove_2,
          dreamdust_gnoll_farm, uniq_sigmund
D:7:      layout_basic, marbit_many_paths, corexii_hall_statues_i
D:8:      layout_rooms, minmay_crystal_room, uniq_grum
D:9:      layout_basic, fiery_altar_vehumet
D:10:     layout_roguey, serial_shops, nicolae_shop_crystal,
          minmay_stone_trees_small, uniq_sonja, uniq_urug
D:11:     layout_basic, minmay_lair_entry_grove,
          kennysheep_orc_monster_closet_entryway, minmay_liquid_box
Temple:   nicolae_temple_elliptical

Skill      XL: |  1  2  3  4  5  6  7  8  9 10 11 12 |
---------------+-------------------------------------+-----
Spellcasting   | 4 5 6 7 8 9 10 11 | 11.0
Conjurations   | 4 5 6 7 8 9 10 11 | 11.0
Hexes          | 4 5 6 7 8 9 10 11 | 11.0
Summonings     | 4 5 6 7 8 9 10 11 | 11.0
Necromancy     | 4 5 6 7 8 9 10 11 | 11.0
Translocations | 4 5 6 7 8 9 10 11 | 11.0
Fire Magic     | 4 5 6 7 8 9 10 11 | 11.0
Ice Magic      | 4 5 6 7 8 9 10 11 | 11.0
Air Magic      | 4 5 6 7 8 9 10 11 | 11.0
Earth Magic    | 4 5 6 7 8 9 10 11 | 11.0
Alchemy        | 4 5 6 7 8 9 10 11 | 11.0
Fighting       | 6 8 9 |  9.7
Dodging        | 5 6 8 |  8.4
Armour         | 2 4 5 |  5.3
Stealth        | |  1.5

Action                     |  1- 3 |  4- 6 |  7- 9 | 10-12 || total
---------------------------+-------+-------+-------+-------++-------
  Melee: Dagger            |     1 |       |     1 |       ||     2
         Staff             |       |       |       |     1 ||     1
   Cast: Sandblast         |    61 |    58 |   161 |    36 ||   316
         Stone Arrow       |       |       |    11 |   139 ||   150
         Brom's Barrelling |       |       |     5 |    20 ||    25
         Petrify           |       |       |       |     3 ||     3
         Slow              |       |       |       |     2 ||     2
    Use: Scroll            |       |       |    13 |     9 ||    22
         Potion            |       |       |     2 |       ||     2
 Armour: Robe              |    23 |    14 |    44 |    20 ||   101
         Skin              |       |       |     7 |       ||     7
         Acid dragon scale |       |       |       |    32 ||    32
  Dodge: Dodged            |    28 |    23 |    40 |    50 ||   141

Table legend: (Time is in decaauts)
 A = Elapsed time spent in this place.
 B = Non-inter-level travel time spent in this place.
 C = Inter-level travel time spent in this place.
 D = Time resting spent in this place.
 E = Time spent auto-exploring this place.
 F = Levels seen in this place.
 G = Mean time per level.
                   A        B        C        D        E       F      G
               +--------+--------+--------+--------+--------+-----+--------+
         Total |   8908 |   8625 |    283 |      0 |   6606 |  13 |  685.2 |
       Dungeon |   8134 |   7851 |    283 |      0 |   6040 |  11 |  739.5 |
        Temple |     46 |     46 |      0 |      0 |      0 |   1 |   46.0 |
         Sewer |    726 |    726 |      0 |      0 |    566 |   1 |  726.0 |
               +--------+--------+--------+--------+--------+-----+--------+

Top non-repeatable levels by time:
     D:7: 1022 daAuts
     D:6: 994 daAuts
     D:4: 948 daAuts
     D:3: 936 daAuts
     D:2: 758 daAuts
   Sewer: 726 daAuts
     D:1: 685 daAuts
    D:10: 682 daAuts
     D:5: 672 daAuts
     D:9: 581 daAuts
     D:8: 497 daAuts
    D:11: 353 daAuts
  Temple: 46 daAuts
